 Dungeon Crawl Stone Soup version 0.29-a0-468-ge57f7f99b4 (webtiles) character file.

Game seed: 17383043121576888776

9275 holysushi the Spry (level 11, -3/74 HPs)
             Began as an Octopode Monk on May 21, 2022.
             Was an Initiate of Gozag.
             Slain by an elephant (18 damage)
             ... on level 1 of the Lair of Beasts.
             The game lasted 00:19:14 (14017 turns).

holysushi the Spry (Octopode Monk)                 Turns: 14017, Time: 00:19:15

Health: -3/74      AC:  1    Str: 11    XL:     11   Next: 43%
Magic:  11/11      EV: 27    Int: 13    God:    Gozag
Gold:   1644       SH:  0    Dex: 24    Spells: 10/10 levels left

rFire   + + .      SeeInvis .   F - +1 short sword (speed)
rCold   + . .      Faith    .   C - orb {*Rage}
rNeg    . . .      Spirit   .   (helmet restricted)
rPois   .          Reflect  .   D - amulet of the acrobat
rElec   .          Harm     .   d - ring of protection from fire
rCorr   +          Rampage  .   v - ring of Youthful Indiscretion {rF+ Dex+6}
Will    .....      Rage     20% r - ring of protection from cold
Stlth   +++++.....              G - ring of resist corrosion
HPRegen 0.22/turn               H - ring of flight
MPRegen 0.12/turn               (no ring)
                                (no ring)
                                (no ring)

@: about to teleport, gold aura, on berserk cooldown, flying, studying Dodging
A: almost no armour, amphibious, 8 rings, camouflage 1, gelatinous body 1,
(nimble swimmer 1), tentacles
a: Renounce Religion, Potion Petition, Call Merchant, Bribe Branch


You were on level 1 of the Lair of Beasts.
You worshipped Gozag.
Gozag was most pleased with you.
You visited 3 branches of the dungeon, and saw 12 of its levels.

You collected 1644 gold pieces.

Inventory:

Hand Weapons
 a - a +2 short sword
 k - a +2 short sword of distortion
 z - a +2 rapier of chaos
 F - a +1 short sword of speed (weapon)
Armour
 C - an orb of wrath (worn)
Jewellery
 d - a ring of protection from fire (left tentacle)
 r - a ring of protection from cold (on tentacle)
 t - an amulet of regeneration
 v - the ring of Youthful Indiscretion (right tentacle) {rF+ Dex+6}
   (You found it on level 5 of the Dungeon)

   [ring of dexterity]

   Dex:       It affects your dexterity (+6).
   rF:        It protects you from fire.
 D - an amulet of the acrobat (around mantle)
 G - a ring of resist corrosion (on tentacle)
 H - a ring of flight (on tentacle)
Wands
 e - a wand of iceblast (10)
 A - a wand of acid (3)
 E - a wand of polymorph (4)
Scrolls
 g - 2 scrolls of identify
 i - a scroll of fear
 s - a scroll of vulnerability
 u - 3 scrolls of teleportation
 w - 2 scrolls of immolation
 x - 3 scrolls of magic mapping
 y - 2 scrolls of amnesia
 I - a scroll of torment
Potions
 b - 3 potions of ambrosia
 c - a potion of attraction
 f - 5 potions of might
 h - 2 potions of magic
 j - 3 potions of curing
 l - 2 potions of heal wounds
 m - 5 potions of mutation
 n - a potion of resistance
 o - 3 potions of brilliance
 p - 2 potions of flight
 q - 2 potions of lignification
 B - a potion of haste


   Skills:
 + Level 6.6 Fighting
 + Level 10.3 Short Blades
 * Level 15.4 Dodging
 - Level 7.0 Stealth
 + Level 3.6 Evocations


You had 10 spell levels left.
You didn't know any spells.
Your spell library contained the following spells:

 Spells                   Type           Power      Damage    Failure   Level
 Foxfire                  Conj/Fire      0%         2x1d4     30%         1
 Ensorcelled Hibernation  Hex/Ice        0%         N/A       43%         2
 Passwall                 Tmut/Erth      0%         N/A       43%         2
 Conjure Flame            Conj/Fire      0%         6-21      67%         3
 Inner Flame              Hex/Fire       0%         N/A       67%         3
 Swiftness                Air            0%         N/A       67%         3
 Flame Wave               Conj/Fire      0%         2d4       97%         4


Dungeon Overview and Level Annotations

Branches:
Dungeon (9/15)             Temple (1/1) D:5            Lair (2/6) D:9
  Swamp: Lair:2-4    Shoals: Lair:2-4     Snake: Lair:2-4    Spider: Lair:2-4
    Orc: D:9-12

Altars:
Ashenzari
Cheibriados
Dithmenos
Fedhas
Gozag
Hepliaklqana
Kikubaaqudgha
Makhleb
Nemelex Xobeh
Okawaru
Qazlal
Ru
Sif Muna
Trog
Uskayaw
Vehumet
Wu Jian
Xom
Yredelemnul
Zin
The Shining One

Shops:
D:2 [

Annotations:
Lair:1 exclusion: downstairs


Innate Abilities, Weirdness & Mutations

You cannot wear most types of armour.
You are amphibious.
You can wear up to eight rings at the same time.
Your skin changes colour to match your surroundings (Stealth+).
Your rubbery body absorbs attacks. (AC +1, EV +1)
((You are camouflaged when in or above water. (Stealth+)))
You have tentacles for arms and can constrict up to eight enemies at once.


Message History

The elephant barely misses you. The elephant completely misses you.
You hit the elephant but do no damage.
You squeeze the elephant, but do no damage.
The elephant is almost dead.
The elephant barely misses you. The elephant trunk-slaps you.
* * * LOW HITPOINT WARNING * * *
You completely miss the elephant. You squeeze the elephant.
The elephant is almost dead.
You feel better. The elephant misses you. The elephant closely misses you.
The elephant tramples you!
* * * LOW HITPOINT WARNING * * *
You hold your ground!
The elephant completely misses you.
Okay, then.
Aiming: Corrosive Bolt
Press: ? - help, Shift-Dir - straight line, f - elephant, p - elephant
Aim: an elephant (100% to hit)
The bolt of acid hits the elephant.
The acid corrodes the elephant!
The elephant is almost dead.
The bolt of acid hits the elephant!
The elephant is lightly wounded.
You feel yourself speed up. The elephant completely misses you. x2
Aiming: Corrosive Bolt
Press: ? - help, Shift-Dir - straight line, f/p - elephant
Aim: an elephant (lightly wounded, 100% to hit)
The bolt of acid hits the elephant!
The elephant seems to be corroded for longer.
You kill the elephant!
The bolt of acid hits the elephant.
The elephant is moderately wounded.
Aiming: Polymorph
Press: ? - help, Shift-Dir - straight line, f/p - elephant
Aim: an elephant (moderately wounded, will become a cyclops, a swamp dragon, or a queen bee, chance to affect: 24%)
Okay, then.
Unknown command.
Okay, then.
As you read the scroll of teleportation, it crumbles to dust.
You feel strangely unstable. The elephant tramples you!!
You die...
Your body crumbles into a pile of gold.

## ### ####### ### ##
.#######.#####.##..#########.###.
.................................
...............P.###.##..........
...............#@###.##.....###.'
....P.##.+##....#Y...##.....##.#.
....P...........#...........##...
....#......+....#....##..........
.##..#.....#...##..###...)..##...
.....#..........###...#.....#P...
.+.⌠.####+#..###....>.#.....##...
.##...#.....##..............'....
..#...##..#.......#.###.....####.


You could see an elephant.

Vanquished Creatures
  An ugly thing (D:9)
  2 elephants
  2 cane toads (Lair:1)
  Maggie (D:6)
  2 rime drakes
  Grinder (D:5)
  A hornet (Lair:2)
  3 wyverns
  5 yaks
  A basilisk (D:9)
  3 steam dragons
  4 water moccasins
  A sky beast (D:7)
  4 orc warriors
  3 black bears
  An ice beast (D:5)
  2 ogres
  2 centaurs
  8 wolves
  2 kobold brigands
  A necrophage (D:6)
  6 bullfrogs
  2 scorpions (D:6)
  Blork the orc (D:6)
  14 wights
  3 howler monkeys (D:9)
  An electric eel (D:8)
  2 hounds
  A gnoll shaman (D:6)
  4 iguanas
  2 orc priests
  4 jellies
  Ijyb (D:5)
  Terence (D:2)
  9 orc wizards
  5 gnolls (D:6)
  4 adders
  A river rat (D:4)
  2 shadow imps
  An ufetubus (D:6)
  3 worms
  3 dart slugs
  28 orcs
  5 bats
  6 endoplasms
  4 giant cockroaches
  6 goblins
  7 hobgoblins
  4 jackals (D:5)
  5 quokkas
  8 ball pythons
  5 frilled lizards
  12 kobolds
  8 rats
218 creatures vanquished.

Vanquished Creatures (others)
  An orc wizard (D:9)
  4 fungi (Lair:2)
  7 plants (Lair:2)
12 creatures vanquished.

Grand Total: 230 creatures vanquished

Notes
Turn   | Place    | Note
-------+----------+-------------------------------------------
     0 | D:1      | holysushi the Octopode Monk began the quest for the Orb.
     0 | D:1      | Reached XP level 1. HP: 16/16 MP: 1/1
   318 | D:1      | Reached XP level 2. HP: 20/21 MP: 2/2
   661 | D:1      | Found a faded altar of an unknown god.
  1104 | D:1      | Reached XP level 3. HP: 26/26 MP: 3/3
  1745 | D:2      | Noticed Terence
  1758 | D:2      | Killed Terence
  1759 | D:2      | Reached XP level 4. HP: 28/31 MP: 4/4
  2177 | D:2      | Found Jasowab's Armour Shop.
  2507 | D:3      | Found a hazy altar of Hepliaklqana.
  2508 | D:3      | Found a shimmering altar of Xom.
  2509 | D:3      | Noticed a spectral ugly thing
  2689 | D:3      | Found a shimmering blue altar of Sif Muna.
  3062 | D:3      | Found a basalt altar of Yredelemnul.
  3210 | D:4      | Noticed an ogre
  3220 | D:4      | Killed an ogre
  3221 | D:4      | Reached skill level 5 in Short Blades
  3221 | D:4      | Reached skill level 5 in Stealth
  3221 | D:4      | Reached XP level 5. HP: 5/36 MP: 5/5
  3535 | D:4      | Reached XP level 6. HP: 19/42 MP: 6/6
  4422 | D:4      | Reached skill level 1 in Evocations
  4724 | D:5      | Entered Level 5 of the Dungeon
  4724 | D:5      | Found a staircase to the Ecumenical Temple.
  4739 | Temple   | Entered the Ecumenical Temple
  4818 | Temple   | Became a worshipper of Gozag Ym Sagoz the Greedy
  4837 | D:5      | Noticed Grinder
  4850 | D:5      | Killed Grinder
  4851 | D:5      | Reached skill level 4 in Dodging
  4851 | D:5      | Reached XP level 7. HP: 17/46 MP: 7/7
  5457 | D:5      | Found a burning altar of Makhleb.
  5462 | D:5      | Reached skill level 5 in Dodging
  5534 | D:5      | Found a blossoming altar of Fedhas.
  5540 | D:5      | Noticed Ijyb
  5548 | D:5      | Killed Ijyb
  5588 | D:5      | Found a glowing silver altar of Zin.
  5601 | D:5      | Identified the ring of Youthful Indiscretion {rF+ Dex+6}
  5887 | D:6      | Reached XP level 8. HP: 52/52 MP: 8/8
  5892 | D:6      | Reached skill level 6 in Dodging
  5931 | D:6      | Noticed Blork the orc
  5937 | D:6      | Killed Blork the orc
  5952 | D:6      | Found an ornate altar of the Wu Jian Council.
  5966 | D:6      | Noticed Maggie
  5977 | D:6      | Killed Maggie
  6152 | D:6      | Reached skill level 7 in Dodging
  6632 | D:6      | Reached XP level 9. HP: 29/56 MP: 9/9
  6944 | D:6      | Found a large runed translucent door.
  6945 | D:6      | Found a large runed translucent door.
  6947 | D:6      | Found a shimmering altar of Xom.
  7087 | D:6      | Reached skill level 8 in Dodging
  7614 | D:5      | Identified a scroll of acquirement
  7614 | D:5      | Acquired a manual of Dodging
  8294 | D:7      | Reached skill level 9 in Dodging
  8674 | D:7      | Reached skill level 10 in Dodging
  9632 | D:8      | Reached skill level 11 in Dodging
  9632 | D:8      | Reached XP level 10. HP: 55/65 MP: 10/10
 10136 | D:8      | Reached skill level 5 in Fighting
 10641 | D:9      | Noticed a green ugly thing
 10642 | D:9      | Killed a green ugly thing
 10643 | D:9      | Reached skill level 12 in Dodging
 11024 | D:9      | Found a staircase to the Lair.
 11024 | D:9      | Noticed an elephant
 11270 | D:9      | Reached skill level 13 in Dodging
 12091 | D:9      | Identified the +7 mace of Neceaf {freeze, Will++ SInv}
 12375 | Lair:1   | Entered Level 1 of the Lair of Beasts
 12387 | Lair:1   | Noticed a cane toad
 12399 | Lair:1   | Killed a cane toad
 12690 | Lair:1   | Reached skill level 14 in Dodging
 12762 | Lair:1   | Reached XP level 11. HP: 48/72 MP: 11/11
 13221 | Lair:1   | Reached skill level 10 in Short Blades
 13624 | Lair:1   | Reached skill level 15 in Dodging
 13802 | Lair:2   | Paralysed by a hornet for 1 turns
 14017 | Lair:1   | Slain by an elephant

Illustrated notes

Levels and vault maps discovered:
D:1:      eino_arrival_tree_alley, layout_loops_corners,
          shapermc_ecumenical_altar_mp_highgroup
D:2:      layout_basic, serial_shops, shop, chequers_jeans,
          grunt_decor_resistance, uniq_terence
D:3:      layout_loops_ring, regret_index_temple_of_mockery,
          mainiacjoe_overflow_swirl, chequers_serial_rivers_micro_a
D:4:      layout_layer_cave, portal_sewer_entry_e, wad_orctagon
D:5:      layout_rooms, mainiacjoe_overflow_brackets, bloody_makhleb,
          mainiacjoe_overflow_chevrons, minmay_temple_entry_arrows,
          uniq_grinder, uniq_ijyb
D:6:      due_chaos_kobolds, layout_loops_ring, general_overflow_altar,
          uniq_blork_the_orc, uniq_maggie
D:7:      cheibrodos_steamvent, layout_loops_ring
D:8:      statuecave_lemuel, layout_loops_ring
D:9:      layout_long_grid, david_lair_generic, minmay_orc_keep
Temple:   dshaligram_water_room_temple
Lair:1:   layout_regular_city, lemuel_fruit_tree, grunt_megastairs_4
Lair:2:   layout_loops_ring, st_stairs_5, serial_bayou_pond_e,
          nicolae_lair_run_with_the_wolves, grunt_megastairs_2

Skill      XL: |  1  2  3  4  5  6  7  8  9 10 11 |
---------------+----------------------------------+-----
Short Blades   | 4 5 6 7 8 9 10 | 10.3
Stealth        | 3 5 7 |  7.0
Evocations     | 2 3 |  3.6
Dodging        | 4 5 7 11 14 15 | 15.4
Fighting       | 4 5 6 |  6.6

Action                   |  1- 3 |  4- 6 |  7- 9 | 10-12 || total
-------------------------+-------+-------+-------+-------++-------
Melee: Short sword       |    65 |    97 |   198 |   320 ||   680
       Constrict         |    12 |    18 |    40 |    39 ||   109
       Tentacles         |    12 |    19 |    53 |   122 ||   206
       Punch             |     2 |     3 |     3 |     7 ||    15
       Rapier            |       |       |     8 |       ||     8
Evoke: Wand              |       |     7 |       |     4 ||    11
  Use: Scroll            |     6 |     6 |    10 |     7 ||    29
       Potion            |       |       |     4 |     5 ||     9
 Stab: Sleeping          |    10 |    14 |    19 |     3 ||    46
       Distracted        |     1 |       |     3 |     1 ||     5
Armor: Skin              |     7 |     5 |     7 |     6 ||    25
Dodge: Dodged            |    29 |    41 |   124 |   216 ||   410

Table legend: (Time is in decaauts)
 A = Elapsed time spent in this place.
 B = Non-inter-level travel time spent in this place.
 C = Inter-level travel time spent in this place.
 D = Time resting spent in this place.
 E = Time spent auto-exploring this place.
 F = Levels seen in this place.
 G = Mean time per level.
                   A        B        C        D        E       F      G
               +--------+--------+--------+--------+--------+-----+--------+
         Total |  13760 |  13071 |    689 |   4129 |   6134 |  12 | 1146.7 |
       Dungeon |  12116 |  11532 |    584 |   3659 |   5449 |   9 | 1346.2 |
        Temple |     95 |     80 |     15 |      0 |     60 |   1 |   95.0 |
          Lair |   1548 |   1458 |     90 |    470 |    625 |   2 |  774.0 |
               +--------+--------+--------+--------+--------+-----+--------+

Top non-repeatable levels by time:
     D:6: 1954 daAuts
     D:4: 1751 daAuts
     D:9: 1635 daAuts
     D:1: 1509 daAuts
     D:8: 1355 daAuts
  Lair:1: 1316 daAuts
     D:7: 1184 daAuts
     D:3: 1092 daAuts
     D:5: 880 daAuts
     D:2: 753 daAuts
  Lair:2: 232 daAuts
  Temple: 95 daAuts
